Map: Deathaura LE

Players

Solar - Winner!

  • Race: Zerg Zerg
  • League: Grandmaster
  • Spawn Location: 5:00

DPGCure (Cure)

  • Race: Terran Terran
  • League: Master
  • Spawn Location: 11:00

Event: TSL 6

VOD

Have the link to the VOD?

Description

Time

  • Played on: Dec. 13, 2020, 12:14 p.m.
  • Length: 23:22

All games in this series

Show
View Real Time Build Order
Export as new Build Order

Solar Zerg - Winner!

Build Orders: Hatch First, Muta Ling Bane 

Get SALT Encoding   

  12  0:00  Drone  
  13  0:12  Overlord  
  13  0:16  Drone  
  14  0:30  Drone x2  
  16  0:47  Hatchery  
  15  0:50  Drone  
  15  0:54  Drone  
  17  0:58  Drone  
  18  1:09  Extractor  
  17  1:16  Spawning Pool  
  17  1:17  Drone  
  17  1:21  Drone  
  18  1:28  Drone  
  19  1:39  Drone  
  20  1:51  Drone  
  21  2:02  Zergling x4, Queen x2  
  27  2:12  Overlord  
  27  2:13  Drone  
  28  2:23  Hatchery  
  28  2:26  Drone  
  28  2:31  Drone  
  29  2:37  Spore Crawler  
  29  2:39  Drone  
  29  2:43  Queen  
  32  2:48  Metabolic Boost  
  32  2:50  Overlord  
  32  2:55  Drone x2  
  34  2:59  Drone x2  
  36  3:09  Drone x2  
  38  3:13  Drone  
  38  3:14  Drone x3  
  38  3:19  Overlord  
  42  3:23  Queen  
  44  3:32  Overlord  
  44  3:38  Queen  
  44  3:40  Zergling x4  
  48  3:43  Drone x2  
  48  3:44  Drone x3  
  48  3:47  Drone  
  48  3:48  Drone  
  55  3:54  Drone  
  55  3:55  Drone  
  57  3:57  Drone  
  57  3:58  Zergling x2  
  57  3:59  Queen  
  57  4:02  Overlord  
  61  4:04  Zergling x2  
  61  4:05  Drone  
  61  4:08  Drone  
  64  4:11  Overlord  
  64  4:12  Drone  
  64  4:16  Lair  
  65  4:17  Drone  
  65  4:19  Overlord  
  65  4:21  Drone x2  
  65  4:23  Drone  
  68  4:26  Drone x2  
  68  4:28  Baneling Nest  
  68  4:30  Overlord  
  69  4:32  Drone x2  
  69  4:36  Spore Crawler  
  70  4:39  Extractor  
  70  4:40  Zergling x8, Extractor  
  70  4:43  Queen  
  74  4:47  Spore Crawler, Drone  
  74  4:49  Drone x2  
  74  4:50  Drone  
  77  4:54  Drone  
  77  4:57  Spore Crawler  
  77  4:59  Drone x3  
  80  5:01  Zergling x6  
  80  5:06  Overlord  
  83  5:07  Drone x2  
  83  5:09  Extractor, Drone x2  
  83  5:10  Extractor  
  83  5:12  Drone  
  83  5:13  Overseer  
  86  5:16  Baneling x4  
  86  5:17  Baneling x2  
  86  5:18  Zergling x4  
  86  5:19  Zergling x2  
  89  5:24  Overlord  
  89  5:27  Drone x4  
  92  5:31  Extractor  
  92  5:32  Overlord  
  91  5:37  Overlord  
  91  5:39  Zergling x2  
  91  5:40  Zergling x6  
  91  5:42  Spire  
  94  5:47  Drone  
  94  5:48  Evolution Chamber  
  94  5:49  Overlord  
  94  5:53  Drone x2  
  94  5:54  Drone  
  93  6:02  Overlord  
  90  6:06  Drone  
  90  6:07  Drone x2  
  90  6:09  Drone x2  
  95  6:11  Zergling x4  
  95  6:12  Zergling x6  
  95  6:17  Zerg Ground Armor Level 1  
  95  6:18  Overlord  
  100  6:19  Zergling x2  
  100  6:20  Centrifical Hooks, Evolution Chamber  
  100  6:23  Zergling x6  
  100  6:25  Overlord  
  103  6:28  Overlord  
  103  6:29  Zergling x2  
  104  6:35  Overlord  
  102  6:44  Drone x2  
  102  6:46  Overlord  
  104  6:54  Mutalisk  
  104  6:55  Mutalisk x6  
  104  6:57  Mutalisk  
  120  7:02  Mutalisk  
  120  7:04  Zergling x4  
  120  7:05  Hatchery  
  122  7:14  Zerg Melee Weapons Level 1  
  122  7:15  Zergling x12  
  125  7:19  Baneling x7  
  128  7:24  Zergling x12  
  128  7:25  Pneumatized Carapace  
  134  7:31  Zerg Flyer Weapons Level 1  
  134  7:32  Zergling x6  
  134  7:34  Drone  
  134  7:35  Overlord  
  138  7:39  Drone  
  139  7:45  Overlord  
  139  7:46  Drone  
  139  7:48  Drone x2  
  139  7:49  Drone x5  
  147  7:56  Overlord  
  147  7:58  Mutalisk x2  
  147  8:00  Drone  
  147  8:01  Drone  
  147  8:02  Drone  
  152  8:09  Drone  
  152  8:12  Zerg Ground Armor Level 2  
  153  8:14  Drone x5  
  153  8:19  Spore Crawler, Drone  
  158  8:22  Extractor, Mutalisk x2  
  162  8:29  Drone  
  162  8:30  Zergling x2  
  164  8:38  Zergling x2  
  164  8:39  Zergling x6  
  164  8:40  Infestation Pit  
  167  8:41  Drone x4  
  167  8:43  Zergling x10  
  167  8:44  Mutalisk  
  167  8:45  Hatchery  
  167  8:46  Overseer  
  167  8:48  Mutalisk x2  
  177  8:51  Drone x2  
  177  8:53  Zergling x2  
  177  8:54  Zergling x2  
  185  9:00  Spore Crawler  
  184  9:03  Zergling x8  
  184  9:09  Zerg Melee Weapons Level 2  
  188  9:12  Zergling x18, Drone  
  198  9:17  Hive  
  198  9:23  Mutalisk x3  
  191  9:29  Drone  
  191  9:30  Extractor, Drone  
  200  9:38  Zergling x8  
  200  9:44  Overlord x2  
  200  9:46  Overlord  
  200  9:47  Zerg Flyer Weapons Level 2  
  200  9:48  Overlord  
  200  9:51  Overseer, Baneling x6  
  200  9:52  Overlord  
  200  9:55  Overlord  
  200  9:59  Overlord  
  200  10:13  Hatchery  
  199  10:16  Baneling x3  
  199  10:17  Zergling x2  
  199  10:20  Baneling x5  
  200  10:25  Hatchery  
  199  10:28  Baneling  
  199  10:29  Baneling x6  
  199  10:30  Adrenal Glands  
  199  10:31  Zerg Ground Armor Level 3  
  199  10:32  Ultralisk Cavern  
  199  10:40  Zergling x4  
  199  10:58  Overseer  
  199  11:04  Baneling x9  
  199  11:07  Zergling x2  
  199  11:08  Zergling x2  
  199  11:14  Zergling x6  
  199  11:16  Zergling x14  
  190  11:19  Zergling x12  
  190  11:21  Queen  
  190  11:24  Zergling x6  
  197  11:27  Zergling x8  
  197  11:28  Zergling x2  
  197  11:30  Zergling x2  
  197  11:31  Zergling x2  
  197  11:32  Zergling x22  
  199  11:34  Zergling x8  
  199  11:38  Chitinous Plating  
  199  11:39  Zergling x4  
  200  11:42  Baneling x4  
  186  11:47  Zergling x2, Ultralisk x2  
  186  11:48  Zergling x2  
  186  11:52  Zergling x16  
  186  11:56  Zergling x2, Ultralisk x2  
  186  11:57  Zergling x6  
  186  11:58  Baneling x10  
  186  11:59  Baneling x7  
  197  12:03  Zergling x8  
  197  12:07  Zerg Melee Weapons Level 3  
  170  12:10  Mutalisk  
  163  12:16  Zergling x12  
  163  12:20  Zergling x4  
  163  12:21  Baneling x4  
  170  12:23  Mutalisk  
  170  12:24  Mutalisk  
  170  12:26  Zergling x6  
  177  12:31  Baneling x4  
  177  12:32  Zergling x6  
  177  12:35  Zergling x2  
  181  12:38  Mutalisk x2  
  181  12:40  Baneling x4  
  181  12:43  Zergling x6  
  166  12:52  Zergling x18  
  166  12:53  Zergling x8  
  166  12:56  Anabolic Synthesis  
  178  12:58  Baneling x5  
  178  12:59  Zergling x12, Baneling x10  
  178  13:05  Zergling x6  
  186  13:09  Mutalisk x2  
  190  13:13  Overseer  
  190  13:14  Zergling x6  
  190  13:16  Baneling x2  
  193  13:24  Zergling x12  
  193  13:26  Baneling x7  
  199  13:29  Hatchery  
  196  13:38  Zergling x24  
  182  13:43  Zergling x4, Ultralisk  
  187  13:48  Zergling x2  
  187  13:49  Zergling x10  
  187  13:52  Baneling x10  
  187  13:53  Baneling x11  
  193  13:57  Zergling x4  
  193  13:58  Baneling x5  
  193  14:00  Zergling x8  
  199  14:04  Baneling x4  
  199  14:05  Baneling x2  
  199  14:07  Spore Crawler, Drone x2  
  196  14:31  Baneling x7  
  196  14:33  Zergling x14  
  196  14:35  Zergling x2  
  196  14:36  Zergling x10  
  199  14:43  Zergling x6  
  199  14:44  Zergling x8  
  186  14:45  Zergling x10  
  186  14:46  Zergling x16  
  186  14:47  Zergling x2, Ultralisk x2  
  199  14:56  Baneling  
  186  15:01  Zergling x2  
  186  15:02  Zergling x8  
  186  15:03  Mutalisk x3  
  186  15:04  Mutalisk x3  
  186  15:06  Zergling x2  
  186  15:07  Zergling x2  
  184  15:10  Zergling x4  
  181  15:18  Zergling x2, Ultralisk  
  181  15:19  Zergling x6  
  181  15:20  Zergling x16  
  191  15:24  Drone x3  
  191  15:25  Drone, Baneling x6  
  191  15:26  Baneling x7  
  191  15:27  Drone  
  196  15:28  Baneling x3  
  196  15:30  Zergling x4  
  197  15:35  Drone  
  197  15:37  Baneling x8  
  197  15:41  Zergling x2  
  197  15:42  Zergling x2  
  200  15:43  Baneling  
  200  15:44  Baneling x5  
  196  15:57  Baneling x3  
  196  16:03  Zergling x2  
  196  16:04  Zergling x30  
  200  16:14  Drone x2  
  200  16:15  Drone  
  198  16:22  Baneling x9  
  198  16:23  Baneling x14  
  198  16:24  Zergling x12  
  198  16:25  Zergling x2  
  200  16:27  Zergling x4  
  200  16:31  Zergling x12  
  200  16:33  Zergling x2  
  199  16:52  Baneling x8  
  199  16:56  Baneling x3  
  199  16:57  Baneling x3  
  199  17:15  Zergling x10  
  186  17:18  Zergling x30  
  178  17:26  Mutalisk x8  
  178  17:29  Zergling x6  
  174  17:34  Ultralisk x2  
  186  17:38  Zergling x8  
  186  17:43  Zergling x2  
  190  17:46  Zergling x2  
  190  17:48  Queen  
  193  17:51  Zergling x2, Ultralisk  
  193  17:57  Baneling x5  
  193  17:58  Baneling x8  
  200  18:02  Zergling x2  
  200  18:07  Zergling x2  
  200  18:14  Baneling x8  
  200  18:16  Extractor  
  199  18:26  Hatchery  
  198  18:28  Baneling x13  
  198  18:32  Zergling x2, Overseer  
  198  18:33  Zergling x2  
  200  18:40  Baneling  
  200  18:41  Baneling x2  
  200  18:55  Zergling x30  
  198  19:18  Zergling x10  
  198  19:19  Zergling x2  
  198  19:20  Zergling x6  
  198  19:23  Zergling x6  
  198  19:24  Zergling x10  
  181  19:27  Zergling x18  
  159  19:31  Baneling  
  159  19:32  Baneling x9  
  159  19:33  Ultralisk x2  
  159  19:38  Mutalisk x4  
  164  19:40  Zergling x12  
  164  19:41  Baneling x3  
  164  19:43  Unknown  
  164  19:45  Zergling x14  
  180  19:53  Zergling x2  
  180  19:57  Zergling x6  
  180  19:59  Zergling x6  
  185  20:10  Zergling x4  
  185  20:11  Zergling x10  
  192  20:14  Baneling x4  
  192  20:17  Baneling x4  
  192  20:20  Baneling x4  
  189  20:21  Zergling x2, Hatchery  
  189  20:22  Zergling x2  
  189  20:24  Zergling x4  
  189  20:27  Zergling x4  
  185  20:34  Zergling x2  
  185  20:35  Zergling x10  
  191  20:37  Baneling x4  
  191  20:44  Zergling x12  
  193  20:50  Baneling x3  
  187  21:00  Zergling x12  
  187  21:01  Zergling x2  
  187  21:03  Zergling x2  
  181  21:06  Zergling x4  
  174  21:11  Zergling x4  
  174  21:18  Zergling x6  
  176  21:24  Zergling x4  
  176  21:25  Baneling  
  177  21:26  Baneling  
  177  21:28  Baneling x2  
  177  21:36  Baneling x7  
  177  21:40  Zergling x6  
  177  21:43  Zergling x2  
  177  21:46  Zergling x4  
  183  21:49  Zergling x2  
  183  21:52  Zergling x6  
  175  21:58  Mutalisk  
  175  22:00  Zergling x8  
  153  22:02  Zergling x2  
  153  22:03  Zergling x2  
  153  22:05  Zergling x2  
  148  22:08  Zergling x4  
  148  22:12  Zergling x8  
  151  22:20  Zergling x6  
  151  22:22  Zergling x4  
  152  22:24  Zergling x2  
  152  22:25  Baneling  
  152  22:26  Baneling x2  
  152  22:27  Zergling x2  
  151  22:30  Baneling  
  151  22:31  Baneling x7  
  151  22:33  Zergling x4  
  151  22:36  Zergling x4  
  154  22:39  Zergling x4  
  154  22:41  Baneling x3  
  154  22:42  Zergling x2  
  152  22:45  Zergling x4  
  152  22:46  Baneling  
  152  22:47  Baneling  
  152  22:48  Zergling x2  
  152  22:49  Zergling x2  
  151  22:51  Baneling  
  141  23:01  Zergling x16  
  141  23:02  Zergling x2  
Show
View Real Time Build Order
Export as new Build Order

DPGCure Terran 

Build Orders: Reaper Expand, Hellion Banshee 

Get SALT Encoding   

  12  0:00  SCV  
  13  0:12  SCV  
  14  0:17  Supply Depot  
  14  0:24  SCV  
  15  0:39  SCV  
  15  0:40  Barracks  
  15  0:42  Refinery  
  16  0:51  SCV  
  17  1:03  SCV  
  18  1:15  SCV  
  19  1:26  Reaper  
  19  1:27  Orbital Command  
  20  1:38  Command Center  
  20  1:45  Supply Depot  
  20  1:52  SCV  
  21  1:58  Marine  
  22  2:05  SCV  
  23  2:09  Factory  
  23  2:17  SCV  
  23  2:20  Barracks Reactor  
  24  2:29  SCV  
  25  2:41  SCV  
  25  2:43  Command Center  
  26  2:51  Orbital Command  
  26  2:53  SCV  
  26  2:58  Starport  
  27  3:04  Hellion x2  
  31  3:06  SCV  
  31  3:10  Refinery  
  31  3:12  Barracks Tech Lab  
  32  3:18  SCV x2  
  34  3:28  Hellion x2  
  34  3:30  SCV x2  
  40  3:39  Marine  
  40  3:40  Banshee  
  44  3:42  SCV x2  
  46  3:55  SCV x2  
  48  3:56  Orbital Command  
  48  3:57  Cloaking Field  
  48  4:01  Hellion x2  
  52  4:03  Barracks Tech Lab  
  52  4:07  SCV x2  
  52  4:08  Supply Depot  
  54  4:14  Supply Depot  
  54  4:18  Orbital Command  
  54  4:19  SCV x2  
  56  4:25  Banshee, Marine  
  56  4:30  Hellion x2  
  64  4:31  SCV x2  
  64  4:32  Supply Depot  
  64  4:38  Supply Depot  
  66  4:42  Armory  
  66  4:43  SCV  
  66  4:44  SCV x2  
  69  4:46  Marine  
  69  4:51  Hellion x2  
  74  4:54  Supply Depot  
  74  4:57  SCV x3  
  77  5:03  Stimpack  
  77  5:04  Marine  
  78  5:09  SCV x3  
  78  5:10  Barracks  
  78  5:12  Barracks  
  83  5:14  Hellion  
  83  5:15  Hellion  
  83  5:19  Hellion x8  
  83  5:20  Refinery  
  85  5:21  Marine  
  85  5:28  SCV x3  
  88  5:33  Starport Reactor  
  88  5:35  Hellion  
  91  5:36  Hellion  
  91  5:38  Supply Depot  
  91  5:39  Supply Depot  
  91  5:40  SCV x3  
  96  5:46  Engineering Bay x2  
  96  5:52  SCV x2  
  96  5:53  SCV  
  98  6:04  SCV x2  
  98  6:05  Barracks Reactor x2, SCV, Marine  
  102  6:11  Refinery  
  102  6:12  Refinery  
  102  6:14  Barracks  
  102  6:16  Barracks, SCV  
  102  6:17  SCV x2  
  105  6:25  Marine  
  105  6:27  Widow Mine x2  
  105  6:28  Terran Infantry Armor Level 1, Terran Infantry Weapons Level 1  
  105  6:29  SCV x3  
  113  6:37  Supply Depot  
  113  6:42  Factory  
  113  6:44  Refinery  
  113  6:45  SCV x2  
  113  6:46  SCV  
  116  6:51  Missile Turret  
  116  6:52  Missile Turret  
  116  6:53  Missile Turret  
  116  6:54  Marine  
  116  6:57  Missile Turret  
  116  6:58  Supply Depot  
  116  6:59  Marine x4  
  121  7:01  Medivac  
  121  7:02  Medivac  
  125  7:11  Widow Mine  
  125  7:17  Supply Depot  
  125  7:18  Supply Depot, Terran Vehicle And Ship Armor Level 1  
  125  7:19  SCV x3  
  125  7:20  Widow Mine  
  130  7:22  Marine  
  130  7:23  Combat Shield, Marine x2  
  130  7:24  Barracks Reactor  
  130  7:25  Barracks Reactor  
  130  7:27  Marine x2  
  129  7:35  Drilling Claws  
  129  7:38  Thor, Missile Turret  
  135  7:49  Marine x5  
  138  7:56  Supply Depot, Widow Mine x2  
  142  7:58  Supply Depot  
  134  8:06  Marine x2  
  134  8:07  Marine x2  
  134  8:10  Medivac x2  
  134  8:12  Command Center  
  142  8:15  Supply Depot x2  
  142  8:24  Terran Infantry Weapons Level 2  
  142  8:25  Terran Infantry Armor Level 2  
  142  8:26  Barracks x3  
  140  8:31  Marauder  
  140  8:33  SCV x3  
  140  8:34  Missile Turret  
  145  8:39  Supply Depot  
  145  8:40  Supply Depot  
  145  8:41  Sensor Tower  
  145  8:42  Supply Depot, Concussive Shells  
  145  8:44  Thor  
  153  8:48  Widow Mine  
  153  8:49  Widow Mine  
  153  8:52  Marauder, Marine x5  
  153  8:53  Marine  
  163  8:59  Supply Depot  
  163  9:04  Supply Depot  
  163  9:06  Supply Depot  
  163  9:07  Missile Turret  
  163  9:11  Marine x4  
  163  9:12  Widow Mine x2  
  163  9:14  Medivac x2, Marauder  
  173  9:24  Barracks Tech Lab x2  
  173  9:25  Barracks Tech Lab, Marine x2  
  173  9:26  Marine x2  
  173  9:29  Marine x2  
  175  9:35  Marauder  
  175  9:36  Thor  
  175  9:37  Widow Mine  
  175  9:38  Missile Turret  
  185  9:39  Widow Mine  
  187  9:49  Missile Turret  
  187  9:50  Planetary Fortress, Missile Turret  
  187  9:52  Marauder, Marine x2  
  191  9:54  Marine x4  
  191  9:59  Missile Turret  
  195  10:02  Widow Mine x2  
  198  10:09  Marauder  
  198  10:14  Missile Turret  
  200  10:20  Command Center  
  199  10:44  Marine  
  199  10:45  Terran Infantry Weapons Level 3, Terran Vehicle And Ship Armor Level 2, Terran Infantry Armor Level 3  
  184  11:20  Marine x2  
  184  11:21  Marauder x3, Marine x6  
  184  11:22  Marauder  
  184  11:23  Widow Mine  
  200  11:26  Command Center  
  200  11:29  Command Center  
  200  11:31  Command Center, Widow Mine x2  
  198  11:38  Command Center, Marine x6  
  198  11:39  Marine  
  196  11:47  Marine x2  
  196  11:48  Marauder  
  196  11:53  Medivac, Marauder  
  196  11:54  Widow Mine x3  
  188  11:56  Marine x2  
  190  12:01  Marine x4  
  190  12:02  Marauder  
  190  12:03  Medivac  
  190  12:05  Marauder, Marine x2  
  166  12:09  Marauder  
  166  12:14  Marauder, Marine x2  
  166  12:15  Widow Mine x3  
  161  12:19  Marine x4  
  163  12:22  Marine  
  163  12:23  Medivac, Marauder  
  163  12:24  Marine  
  163  12:27  Marauder  
  171  12:30  Marauder  
  171  12:32  Marine x2  
  171  12:33  Medivac  
  171  12:36  Marauder  
  179  12:37  Marine x4  
  179  12:42  Marine x2  
  185  12:44  Marauder  
  185  12:48  Marauder  
  185  12:49  Marine x2  
  167  12:52  Marauder  
  167  12:53  Medivac  
  167  12:55  Orbital Command, Widow Mine x2, Marine x4  
  167  12:56  Orbital Command, Widow Mine  
  167  12:57  Orbital Command, Marauder  
  183  13:00  Planetary Fortress  
  183  13:06  Marauder  
  183  13:08  Orbital Command  
  183  13:10  Medivac, Marauder  
  183  13:11  Marine  
  190  13:13  Marauder  
  190  13:16  Sensor Tower  
  192  13:22  Widow Mine x3  
  192  13:23  Medivac  
  198  13:27  Missile Turret  
  198  13:29  Marine x2  
  199  13:40  Medivac, Marine x4  
  199  13:41  Marauder x2  
  181  13:43  Widow Mine x3  
  181  13:45  Marauder x2, Marine x2  
  181  13:46  Marine x2  
  189  13:56  Command Center  
  189  13:58  Marine x4  
  189  14:00  Neosteel Armor  
  189  14:01  Hi-Sec Auto Tracking  
  189  14:02  Marauder x2  
  197  14:03  Marine  
  197  14:04  Widow Mine  
  198  14:11  Marauder  
  198  14:43  Marine x2  
  198  14:44  Marauder x4, Marine x6  
  184  14:48  Widow Mine  
  184  14:49  Widow Mine x2  
  166  15:01  Marine x4  
  166  15:02  Marine x4  
  166  15:05  Marauder  
  166  15:06  Marauder x3  
  128  15:17  Missile Turret  
  128  15:19  Marine x8  
  136  15:26  Medivac x2, Widow Mine x3  
  136  15:27  Marauder x4  
  154  15:37  Marine x8  
  160  15:47  Widow Mine  
  160  15:48  Marauder x2, Widow Mine x2, Marine  
  160  15:49  Marauder  
  173  15:55  Marine x8  
  173  15:56  Medivac x2  
  181  16:06  Marauder  
  181  16:09  Widow Mine x3, Marine  
  181  16:10  Marauder x2  
  192  16:12  Marine x2  
  192  16:13  Marine x6  
  200  16:30  Widow Mine, Marine x2  
  200  16:50  Orbital Command  
  200  17:02  Terran Vehicle And Ship Armor Level 3  
  200  17:04  Command Center x2  
  198  17:11  Missile Turret  
  198  17:14  Missile Turret, Marine x3  
  198  17:15  Marauder x2, Marine  
  196  17:17  Marine x2  
  196  17:18  Marauder  
  174  17:24  Marine x2  
  174  17:25  Marauder  
  106  17:31  Widow Mine x2  
  106  17:32  Medivac x2, Widow Mine, Marine x4  
  106  17:35  Marine x2  
  106  17:36  Marauder x2  
  119  17:39  Marauder  
  119  17:42  Marine x2  
  110  17:46  Marauder  
  110  17:50  Marine x4  
  110  17:53  Widow Mine x3, Marine x2  
  110  17:58  Marauder x2  
  121  18:00  Marauder, Marine x2  
  121  18:01  Liberator  
  121  18:02  Liberator  
  131  18:08  Marauder, Marine x4  
  131  18:10  Marine x2  
  131  18:12  Command Center  
  139  18:18  Marine x2  
  139  18:19  Marauder x2  
  145  18:20  Widow Mine  
  145  18:21  Widow Mine x2  
  145  18:22  Marauder  
  145  18:26  Marine x4  
  155  18:28  Marine  
  155  18:29  Marauder  
  155  18:30  Marine  
  155  18:31  Orbital Command  
  159  18:36  Marine x2  
  159  18:40  Marauder  
  159  18:41  Marauder  
  165  18:42  Orbital Command  
  165  18:43  Marauder, Marine x2  
  165  18:44  Marine x2  
  165  18:46  Marine  
  165  18:48  Marine  
  169  18:50  Marauder  
  169  18:53  Marine x2  
  167  19:01  Marine x4  
  167  19:02  Marauder x2  
  175  19:04  Marauder, Marine  
  175  19:06  Marine  
  179  19:11  Marine  
  179  19:12  Marauder  
  179  19:14  Marine  
  180  19:19  Marine x2  
  180  19:23  Marauder x2, Marine x2  
  157  19:26  Marauder, Marine  
  157  19:28  Marine  
  139  19:32  Marine x2  
  139  19:33  Marauder  
  139  19:34  Orbital Command  
  138  19:45  Marauder  
  140  19:47  Medivac, Widow Mine x2  
  140  19:48  Widow Mine  
  140  19:49  Marine  
  140  20:03  Medivac  
  142  20:07  Marine x2  
  142  20:08  Marauder x2, Marine x2  
  150  20:14  Widow Mine  
  150  20:15  Widow Mine  
  150  20:16  Widow Mine  
  150  20:17  Medivac  
  152  20:26  Marine x3  
  152  20:27  Marauder  
  157  20:37  Sensor Tower  
  126  21:07  Widow Mine x3  
  122  21:14  Marauder, Marine x4  
  122  21:15  Marauder x2  
  122  21:29  Marine  
  123  21:39  Marine  
  102  22:06  Marine  
  102  22:07  Orbital Command  
  102  22:08  Marine  
  93  22:32  Marine  
Tags
 
Add a new tag
Caveats
  • Supply blocks, unpowered buildings, or Contaminate may cause inaccurate times.
  • Supply counts are checked every 10 seconds.